 Dungeon Crawl Stone Soup version 0.20-a0-1121-gbb42413 (webtiles) character file.

8703 grindst0ne the Grappler (level 11, -6/111 HPs)
             Began as a Troll Monk on May 10, 2017.
             Was an Elder of Wu Jian.
             Mangled by Duffy's ghost (15 damage)
             ... on level 1 of the Lair of Beasts.
             The game lasted 00:24:16 (6556 turns).

grindst0ne the Grappler (Troll Monk)                Turns: 6556, Time: 00:24:16

Health: -6/111     AC:  8    Str: 21    XL:     11   Next: 13%
Magic:  13/13      EV: 15    Int:  6    God:    Wu Jian [****..]
Gold:   487        SH:  0    Dex: 15    Spells: 10/10 levels left

rFire    + . .     SeeInvis .     - Unarmed
rCold    + . .     Gourm    +   (no shield)
rNeg     + . .     Faith    .   K - +1 robe {rF+}
rPois    .         Spirit   .   j - +0 hat
rElec    .         Reflect  .   (no cloak)
rCorr    .         Harm     .   (gloves unavailable)
MR       .....                  (boots unavailable)
Stlth    +.........             l - amulet of rage
Regen    0.7/turn               I - ring of protection from cold
MPRegen  0.2/turn               z - ring of positive energy

@: confused
A: unfitting armour, claws 3, thin metallic scales 1, fast metabolism 3,
gourmand, regeneration 1, shaggy fur 1, tough skin 2
a: Serpent's Lash, Renounce Religion, Evoke Berserk Rage


You were on level 1 of the Lair of Beasts.
You worshipped Wu Jian.
Wu Jian was greatly pleased with you.
You were very full.

You visited 3 branches of the dungeon, and saw 10 of its levels.
You also visited: Sewer.

You collected 487 gold pieces.

Inventory:

Missiles
 f - 173 stones
 v - 4 tomahawks (quivered)
Armour
 a - a +1 robe
 j - a +0 hat (worn)
 K - a +1 robe of fire resistance (worn)
Jewellery
 l - an amulet of rage (around neck)
 m - an uncursed ring of fire
 u - an uncursed amulet of the gourmand {unknown}
 z - a ring of positive energy (right claw)
 I - a ring of protection from cold (left claw)
 J - the ring of Fim Syo {Wiz MR+ Slay-4 Stlth+}
   (You acquired it on level 8 of the Dungeon)

   [ring of wizardry]

   It improves your spell success rate.
   It affects your accuracy and damage with ranged weapons and melee attacks
   (-4).
   It affects your resistance to hostile enchantments.
   It makes you more stealthy.
 O - an uncursed ring of protection from cold
 R - an uncursed amulet of harm {unknown}
Wands
 D - a wand of digging (10/24)
 L - a wand of enslavement (3/24)
 M - a wand of lightning (8/15)
 Q - a wand of acid (9/15)
Scrolls
 d - a scroll of random uselessness
 g - 5 scrolls of teleportation
 h - 5 scrolls of remove curse
 i - 2 scrolls of immolation
 y - 2 scrolls of enchant weapon
 A - a scroll of amnesia
 B - a scroll of magic mapping
 E - 2 scrolls of enchant armour
 N - a scroll of vulnerability {unknown}
Potions
 e - 2 potions of berserk rage {unknown}
 n - 3 potions of flight
 o - 3 potions of lignification
 p - a potion of agility
 q - 2 potions of cancellation
 t - a potion of invisibility
 w - a potion of curing
 C - a potion of mutation {unknown}
 F - a potion of degeneration {unknown}
 G - a potion of brilliance {unknown}
 H - a potion of heal wounds {unknown}
Books
 r - a book of Cantrips

   Spells                             Type                      Level
   a - Confusing Touch                Hexes                        1
   b - Animate Skeleton               Necromancy                   1
   c - Summon Small Mammal            Summoning                    1
   d - Apportation                    Translocation                1
Comestibles
 b - 3 bread rations
 c - 5 meat rations
 k - 4 royal jellies
 s - 10 fruits
 P - 6 chunks of flesh


   Skills:
 + Level 8.1 Fighting
 + Level 8.3 Dodging
 - Level 1.0 Stealth
 + Level 9.9 Unarmed Combat
 + Level 4.8 Evocations


You had 10 spell levels left.
You didn't know any spells.

Dungeon Overview and Level Annotations

Branches:
Dungeon (8/15)             Temple (1/1) D:4            Lair (1/6) D:8

Altars:
Ashenzari
Cheibriados
Dithmenos
Elyvilon
Fedhas
Gozag
Hepliaklqana
Kikubaaqudgha
Makhleb
Nemelex Xobeh
Okawaru
Qazlal
Ru
Sif Muna
Trog
Uskayaw
Vehumet
Wu Jian
Xom
Yredelemnul
Zin
The Shining One

Annotations:
Lair:1 Duffy's ghost, novice FoFi


Innate Abilities, Weirdness & Mutations

You are too large for most types of armour.
You have claws for hands.
Your metabolism is lightning-fast.
You like to eat raw meat.
Your natural rate of healing is unusually fast.
You are covered in fur. (AC +1)
You have very tough skin. (AC +2)
You are partially covered in thin metallic scales. (AC +2)


Message History

* * * LOW HITPOINT WARNING * * *
You scratch Duffy's ghost but do no damage.
Duffy's ghost is severely damaged.
Duffy's ghost says very slowly, "There's no hope."
Duffy's ghost misses you.
You have no room to wall jump.
You fail to use your ability.
Duffy's ghost closely misses you.
You scratch Duffy's ghost but do no damage.
Duffy's ghost is heavily damaged.
Duffy's ghost closely misses you.
You fail to use your ability.
Duffy's ghost hits you!!
* * * LOW HITPOINT WARNING * * *
Some of the chunks of flesh in your inventory have rotted away.
You scratch Duffy's ghost.
Duffy's ghost is heavily damaged.
Duffy's ghost hits you!
* * * LOW HITPOINT WARNING * * *
You are confused.
You feel invigorated. Duffy's ghost hits you!
You die...

#.....## #.....# #.....#
#.##### #.# #.###########
#.##P.##.#PP###
#........^....##
#.@.####..###..#
###W...#.#...##.P#
###.#####.......##..###.##
#.....†.........##..##[(#####
#.....##.........#..##P......
..(.# ###....####..#######..
..[ #.....# #..####.##.# .
##..##.# #........... #.#.
... ....####.


You could see Duffy's ghost.

Vanquished Creatures
  A two-headed ogre (D:8)
  A death yak (D:8)
  The ghost of Duffy the Blocker, a novice FoFi of Makhleb (D:8)
  The ghost of Shinoi the Destroyer, a novice HuCj (D:5)
  Pikel (D:7)
  A black mamba (Lair:1)
  A troll (D:8)
  A slime creature (D:8)
  Prince Ribbit (D:7)
  3 hippogriffs
  6 yaks (Lair:1)
  A wyvern (D:8)
  Eustachio (D:4)
  2 hungry ghosts
  Menkaure (D:7)
  2 black bears
  2 orc warriors (D:7)
  2 sky beasts (D:5)
  A slave (D:7)
  An ice beast (D:6)
  3 phantoms
  An ogre (D:8)
  A centaur (D:8)
  3 crocodiles
  A big kobold (D:7)
  2 bullfrogs
  3 scorpions
  4 howler monkeys (D:8)
  3 crimson imps
  2 bullfrog zombies
  3 jellies
  An orc priest (D:7)
  4 hounds
  9 orc wizards
  2 iguanas
  8 worker ants
  2 hound skeletons
  A howler monkey zombie (D:5)
  A worker ant zombie (D:5)
  12 adders
  4 shadow imps
  3 oozes (Sewer)
  An adder skeleton (D:7)
  12 worms
  5 dart slugs
  2 leopard geckos
  21 orcs
  4 ball pythons (Sewer)
  8 bats
  5 giant cockroaches
  5 goblins
  7 hobgoblins
  13 jackals
  12 kobolds
  7 quokkas
  8 frilled lizards
  A giant cockroach zombie (D:5)
  A jackal zombie (D:6)
  A quokka zombie (D:8)
  6 rats
223 creatures vanquished.

Vanquished Creatures (others)
  2 kobolds (D:7)
  A fungus (Lair:1)
3 creatures vanquished.

Grand Total: 226 creatures vanquished

Notes
Turn   | Place    | Note
-------+----------+-------------------------------------------
     0 | D:1      | grindst0ne the Troll Monk began the quest for the Orb.
     0 | D:1      | Reached XP level 1. HP: 22/22 MP: 0/0
    90 | D:1      | Reached XP level 2. HP: 29/29 MP: 1/1
   461 | D:1      | Reached XP level 3. HP: 33/36 MP: 2/2
   947 | D:2      | Found a shattered altar of Ashenzari.
  1150 | D:2      | Reached XP level 4. HP: 38/44 MP: 3/3
  1522 | D:4      | Reached skill level 4 in Unarmed Combat
  1522 | D:4      | Reached XP level 5. HP: 40/53 MP: 4/4
  1561 | D:4      | Noticed Eustachio
  1575 | D:4      | Killed Eustachio
  1575 | D:4      | Reached XP level 6. HP: 54/61 MP: 5/5
  1590 | D:4      | Found a glowing golden altar of the Shining One.
  1631 | D:4      | Found a staircase to the Ecumenical Temple.
  1641 | Temple   | Entered the Ecumenical Temple
  1754 | Temple   | Became a worshipper of the Wu Jian Council
  1754 | Temple   | Reached * piety under Wu Jian
  1754 | Temple   | Reached ** piety under Wu Jian
  2232 | D:4      | You fall through a shaft for 2 floors!
  2389 | D:6      | Reached skill level 5 in Unarmed Combat
  2438 | D:6      | Noticed an ice beast
  2459 | D:6      | Killed an ice beast
  2459 | D:6      | Reached XP level 7. HP: 47/70 MP: 6/6
  2486 | D:6      | Found a stormy altar of Qazlal.
  2851 | D:5      | Entered Level 5 of the Dungeon
  2900 | D:5      | Found a glowing drain.
  2949 | Sewer    | Entered a sewer
  3281 | Sewer    | Reached *** piety under Wu Jian
  3549 | D:5      | Reached skill level 5 in Dodging
  3549 | D:5      | Reached skill level 6 in Unarmed Combat
  3614 | D:5      | Reached skill level 5 in Fighting
  3614 | D:5      | Reached XP level 8. HP: 80/80 MP: 7/7
  3702 | D:5      | Noticed Shinoi's ghost (novice HuCj)
  3715 | D:5      | Killed Shinoi's ghost
  3715 | D:5      | Reached skill level 7 in Unarmed Combat
  3722 | D:5      | Gained mutation: You are partially covered in thin metallic scales. (AC +2) [mutagenic meat]
  3924 | D:5      | Found a shadowy altar of Dithmenos.
  4228 | D:7      | Reached XP level 9. HP: 85/89 MP: 8/8
  4510 | D:7      | Noticed Prince Ribbit
  4513 | D:7      | Reached skill level 1 in Evocations
  4538 | D:7      | Killed Prince Ribbit
  4538 | D:7      | Reached **** piety under Wu Jian
  4597 | D:7      | Reached skill level 8 in Unarmed Combat
  4660 | D:7      | Found a sacrificial altar of Ru.
  4660 | D:7      | Found a stormy altar of Qazlal.
  4661 | D:7      | Found a burning altar of Makhleb.
  4968 | D:7      | Noticed Pikel
  4986 | D:7      | Killed Pikel
  5053 | D:7      | Noticed Menkaure
  5056 | D:7      | Killed Menkaure
  5194 | D:8      | Noticed Duffy's ghost (novice FoFi)
  5203 | D:8      | Killed Duffy's ghost
  5203 | D:8      | Reached XP level 10. HP: 87/102 MP: 9/11
  5238 | D:8      | Found a deep blue altar of Sif Muna.
  5267 | D:8      | Found a staircase to the Lair.
  5267 | D:8      | Noticed a death yak
  5282 | D:8      | Killed a death yak
  5285 | D:8      | Reached skill level 9 in Unarmed Combat
  5458 | D:8      | Noticed a two-headed ogre
  5483 | D:8      | Killed a two-headed ogre
  6323 | D:8      | Identified a scroll of acquirement
  6326 | D:8      | Got a coiled lapis lazuli ring
  6328 | D:8      | Identified the ring of Fim Syo {Wiz MR+ Slay-4 Stlth+} (You acquired it on level 8 of the Dungeon)
  6336 | Lair:1   | Entered Level 1 of the Lair of Beasts
  6336 | Lair:1   | Noticed a black mamba
  6351 | Lair:1   | Killed a black mamba
  6351 | Lair:1   | Reached XP level 11. HP: 64/111 MP: 13/13
  6509 | Lair:1   | Noticed Duffy's ghost (novice FoFi)
  6555 | Lair:1   | HP: 5/111 [Duffy's ghost (9)]
  6556 | Lair:1   | Mangled by Duffy's ghost

Vault maps used:
D:1:      dpeg_arrival_houses_and_road
D:2:      wad_pebble_path, old_standard_altar, st_stairs_1, serial_park_tiny_2
D:3:      first_bread, grunt_decor_mini_mirrors, bh_chokoban, uniq_terence
D:4:      nicolae_tso_carved_into_rock, temple_fountains, uniq_eustachio
D:5:      cheibrodos_helix_gallery, gup_sewer_entry_glass, minmay_liquid_box,
          grunt_dithmenos_shadows
D:6:      basic_altar
D:7:      gammafunk_temple_overflow_claw, uniq_pikel, uniq_menkaure,
          uniq_prince_ribbit1
D:8:      cheibrodos_ideogram_h, lemuel_doored_altar, david_lair_generic
Temple:   eino_temple_rhombus
Lair:1:   grunt_megastairs_3, serial_bayou_shore_b
Sewer:    sewer_fruit_machine

Skill      XL: |  1  2  3  4  5  6  7  8  9 10 |
---------------+-------------------------------+-----
Dodging        | 3 4 5 6 7 8 |  8.3
Fighting       | 3 4 5 6 7 8 |  8.1
Unarmed Combat | 4 5 6 7 8 9 |  9.9
Evocations     | 2 4 |  4.8
Stealth        | |  1.0

Action                   |  1- 3 |  4- 6 |  7- 9 | 10-12 || total
-------------------------+-------+-------+-------+-------++-------
Melee: Unarmed           |   107 |   114 |   310 |   237 ||   768
       Punch             |     2 |     2 |     4 |     5 ||    13
Throw: Stone             |       |       |       |     1 ||     1
 Abil: Evoke Berserk Rag |       |       |       |     1 ||     1
  Use: Scroll            |       |       |    19 |     2 ||    21
       Potion            |       |       |     3 |     1 ||     4
 Stab: Sleeping          |     2 |     1 |     5 |     1 ||     9
       Distracted        |       |       |     1 |     1 ||     2
  Eat: Chunk             |    16 |    10 |    27 |    21 ||    74
       Meat ration       |       |       |     1 |       ||     1
       Bread ration      |       |       |       |     1 ||     1
Armor: Robe              |    38 |    50 |    77 |    32 ||   197
       Skin              |       |       |    25 |       ||    25
Dodge: Dodged            |    49 |    73 |   155 |   128 ||   405
